 Dungeon Crawl Stone Soup version 0.30.1 (webtiles) character file.

Game seed: 8298384626098968702

3234 COSMALAD the Protected (level 9, -2/79 HPs)
             Began as a Minotaur Berserker on July 6, 2023.
             Was a High Priest of Trog.
             Slain by an ice devil (14 damage)
             ... on level 7 of the Dungeon.
             The game lasted 00:46:35 (6503 turns).

COSMALAD the Protected (Minotaur Berserker)         Turns: 6503, Time: 00:46:35

Health: -2/79      AC: 14    Str: 25    XL:     9   Next: 66%
Magic:  8/8        EV:  7    Int:  4    God:    Trog [*****.]
Gold:   293        SH:  9    Dex: 11    Spells: 8/8 levels left

rFire   . . .        n - +1 hand axe (heavy)
rCold   . . .        g - +0 kite shield
rNeg    . . .        k - +0 plate armour
rPois   .            (helmet restricted)
rElec   .            (no cloak)
rCorr   .            (no gloves)
SInv    .            (no boots)
Will    .....        (no amulet) Stlth
                     (no ring)
HPRegen 0.33/turn    (no ring)
MPRegen 0.11/turn

%: no passive effects
@: mighty, about to teleport
A: horns 2, retaliatory headbutt
a: Renounce Religion, Berserk, Trog's Hand, Brothers in Arms


You were on level 7 of the Dungeon.
You worshipped Trog.
Trog was extremely pleased with you.
You visited 2 branches of the dungeon, and saw 8 of its levels.
You also visited: Sewer.

You collected 293 gold pieces.

Inventory:

Hand Weapons
 a - a +0 mace
 n - a +1 heavy hand axe (weapon)
Armour
 b - a +0 animal skin
 g - a +0 kite shield (worn)
 k - a +0 plate armour (worn)
Wands
 u - a wand of roots (10)
Scrolls
 d - 2 scrolls of enchant weapon
 e - a scroll of magic mapping {unknown}
 f - a scroll of teleportation
 h - a scroll of blinking {unknown}
 l - a scroll of vulnerability {unknown}
 q - a scroll of poison {unknown}
 r - 3 scrolls of noise {unknown}
 s - 2 scrolls of immolation
 t - a scroll of fear {unknown}
 v - a scroll of amnesia {unknown}
 w - a scroll of enchant armour {unknown}
Potions
 i - a potion of haste
 j - 3 potions of flight
 m - 2 potions of curing
 o - a potion of mutation {unknown}
 p - a potion of resistance {unknown}


   Skills:
 + Level 7.5 Fighting
 + Level 7.6(8.7) Axes
 + Level 6.5(8.2) Maces & Flails
 + Level 9.1 Armour
 + Level 3.3 Dodging
 + Level 1.0 Stealth
 + Level 6.6 Shields


You had 8 spell levels left.
You didn't know any spells.
Your spell library contained the following spells:

 Spells                   Type           Power      Damage    Failure   Level
 Summon Small Mammal      Summ           0%         N/A       100%        1
 Call Canine Familiar     Summ           0%         N/A       100%        3
 Gell's Gravitas          Tloc           0%         N/A       100%        3
 Portal Projectile        Hex/Tloc       0%         N/A       100%        3
 Summon Guardian Golem    Hex/Summ       0%         N/A       100%        3
 Teleport Other           Tloc           0%         N/A       100%        3
 Leda's Liquefaction      Hex/Erth       0%         N/A       100%        4
 Dispersal                Tloc           0%         N/A       100%        6


Dungeon Overview and Level Annotations

Branches:
Dungeon (7/15)             Temple (1/1) D:5           Sewer (visited)

Altars:
Cheibriados
Elyvilon
Gozag
Hepliaklqana
Kikubaaqudgha
Okawaru
Qazlal
Ru
Sif Muna
Vehumet
Wu Jian
Xom
Zin
The Shining One

Shops:
D:1 *


Innate Abilities, Weirdness & Mutations

You have a pair of horns on your head.
You reflexively headbutt those who attack you in melee.


Message History

Found the +8 frozen axe "Frostbite" {freeze, freezing cloud, *Noise Fly rC+}.
You enter the shallow water.
Moving in this stuff is going to be slow.
The ice devil hits you but does no damage.
You hit the ice devil. You headbutt the ice devil!
The ice devil is moderately wounded.
You block the ice devil's attack.
The ice devil hits you but does no damage.
You closely miss the ice devil.
The ice devil is moderately wounded.
The ice devil hits you but does no damage.
You hit the ice devil but do no damage.
You headbutt the ice devil, but do no damage.
The ice devil is lightly wounded.
The ice devil hits you but does no damage.
The ice devil hits you. The ice devil freezes you!!
You hit the ice devil.
The ice devil is moderately wounded.
The ice devil hits you but does no damage.
You feel very mighty all of a sudden. The ice devil hits you.
The ice devil freezes you!
You hit the ice devil.
The ice devil is moderately wounded.
You block the ice devil's attack.
The ice devil hits you but does no damage.
You closely miss the ice devil.
The ice devil is moderately wounded.
The ice devil hits you! The ice devil freezes you!!
* * * LOW HITPOINT WARNING * * *
As you read the scroll of teleportation, it crumbles to dust.
You feel strangely unstable.
The ice devil hits you but does no damage.
You slash the ice devil! You headbutt the ice devil!
The ice devil is almost dead.
The ice devil hits you but does no damage.
You block the ice devil's attack. The ice devil hits you.
* * * LOW HITPOINT WARNING * * *
The ice devil freezes you!
You die...

###..###......).).......##.###...
#..###...####.##......##.....##
##..#........#.##.###.<########
#...................#..#
#...#.#......#..#.#.#..#
#....####''''####.#....#
######..........#######.
.................~###
......#~~#4@....###
##..#~~##~..##...~# #..~## #~..#
..## #..4 #~~#..# .~#
...#~)#...... ## . ... ........
.. ......#### # ....#### #####


You could see an ice devil.

Vanquished Creatures
  A freezing wraith (D:7)
  An ice devil (D:7)
  2 sky beasts
  2 orc warriors
  2 ogres
  A centaur (D:6)
  2 phantoms (D:6)
  4 kobold brigands
  2 bullfrogs (D:7)
  5 wights (D:7)
  3 killer bees (D:6)
  2 gnoll boudas (D:5)
  6 orc priests
  3 hounds
  A sleepcap (D:7)
  3 iguanas
  Terence (D:3)
  9 orc wizards
  19 adders
  15 gnolls
  2 river rats (Sewer)
  A shadow imp (D:6)
  5 white imps
  An ufetubus (D:7)
  3 worms
  3 dart slugs
  34 orcs
  8 bats
  12 endoplasms
  2 giant cockroaches
  3 goblins
  7 hobgoblins
  4 quokkas
  10 ball pythons
  2 frilled lizards (D:3)
  13 kobolds
  5 rats
199 creatures vanquished.

Vanquished Creatures (others)
  An orc (D:5)
1 creature vanquished.

Grand Total: 200 creatures vanquished

Notes
Turn   | Place    | Note
-------+----------+-------------------------------------------
     0 | D:1      | COSMALAD the Minotaur Berserker began the quest for the
                  | Orb.
     0 | D:1      | Reached XP level 1. HP: 19/19 MP: 0/0
    53 | D:1      | Found a faded altar of an unknown god.
   215 | D:1      | Found Cipiuh Jaxt's General Store.
   229 | D:1      | Reached XP level 2. HP: 16/27 MP: 1/1
   816 | D:2      | Reached ** piety under Trog
   893 | D:2      | Reached XP level 3. HP: 33/33 MP: 2/2
  1649 | D:3      | Reached XP level 4. HP: 41/41 MP: 3/3
  1871 | D:3      | Reached skill level 5 in Maces & Flails
  1905 | D:3      | Found an ornate altar of the Wu Jian Council.
  1911 | D:3      | Noticed a spectral centipede
  1911 | D:3      | Noticed a spectral black mamba
  1911 | D:3      | Noticed a spectral cane toad
  2066 | D:3      | Noticed Terence
  2073 | D:3      | Killed Terence
  2230 | D:4      | Noticed an orc warrior
  2237 | D:4      | Reached skill level 5 in Fighting
  2237 | D:4      | Reached skill level 1 in Shields
  2237 | D:4      | Reached XP level 5. HP: 48/48 MP: 4/4
  2240 | D:4      | Killed an orc warrior
  2241 | D:4      | Reached XP level 6. HP: 56/56 MP: 5/5
  2242 | D:4      | Reached skill level 1 in Stealth
  2363 | D:4      | Reached skill level 1 in Axes
  2389 | D:4      | Reached *** piety under Trog
  2457 | D:4      | Reached skill level 3 in Armour
  2594 | D:4      | Reached XP level 7. HP: 42/61 MP: 6/6
  2929 | D:5      | Entered Level 5 of the Dungeon
  2948 | D:5      | Found a glowing drain.
  2981 | Sewer    | Entered a sewer
  3265 | Sewer    | Reached skill level 4 in Armour
  3571 | Sewer    | Reached **** piety under Trog
  3801 | D:5      | Reached skill level 5 in Armour
  4011 | D:5      | Reached XP level 8. HP: 70/70 MP: 7/7
  4176 | D:5      | Found a staircase to the Ecumenical Temple.
  4187 | Temple   | Entered the Ecumenical Temple
  4542 | D:6      | Reached skill level 5 in Axes
  4543 | D:6      | Reached skill level 6 in Armour
  4922 | D:6      | Reached skill level 5 in Shields
  4972 | D:6      | Reached skill level 7 in Armour
  5230 | D:6      | Reached XP level 9. HP: 75/75 MP: 8/8
  5301 | D:6      | Found a shimmering altar of Xom.
  5303 | D:6      | Found a hazy altar of Hepliaklqana.
  5324 | D:6      | Noticed a spectral ugly thing
  5530 | D:7      | Reached ***** piety under Trog
  5549 | D:7      | Reached skill level 8 in Armour
  5556 | D:7      | Noticed an ice devil
  5889 | D:7      | Killed an ice devil
  6338 | D:7      | Noticed a freezing wraith
  6350 | D:7      | Killed a freezing wraith
  6351 | D:7      | Reached skill level 9 in Armour
  6481 | D:7      | Noticed an ice devil
  6488 | D:7      | Found the +8 frozen axe "Frostbite" {freeze, freezing
                  | cloud, *Noise Fly rC+}
  6503 | D:7      | Slain by an ice devil

Illustrated notes

Levels and vault maps discovered:
D:1:      minmay_arrival_semitransparent, layout_loops_ring, serial_shops, shop,
          ebering_ecumenical_altar_petrified
D:2:      layout_loops_corners
D:3:      layout_rooms, pdpol_wu_jian_five_deadly_venoms, minivault_11,
          uniq_terence
D:4:      layout_basic, marbit_many_paths
D:5:      layout_basic, temple_hall, gup_sewer_entry_glass, st_stairs_7
D:6:      layout_basic, regret_index_temple_of_mockery
D:7:      layout_loops_cross, lemuel_zombie_altar_yredelemnul, moated_statue,
          hellmonk_guarded_unrand_frostbite
Temple:   hellmonk_temple_of_storms

Skill      XL: |  1  2  3  4  5  6  7  8  9 |
---------------+----------------------------+-----
Maces & Flails | 4 5 6 |  6.5
Fighting       | 4 5 6 7 |  7.5
Shields        | 1 2 4 5 6 |  6.6
Dodging        | 3 |  3.3
Stealth        | 1 |  1.0
Axes           | 2 4 6 7 |  7.6
Armour         | 3 5 7 9 |  9.1

Action                     |  1- 3 |  4- 6 |  7- 9 || total
---------------------------+-------+-------+-------++-------
  Melee: Mace              |    73 |    26 |       ||    99
         Headbutt          |    10 |    10 |    45 ||    65
         Hand axe          |       |    51 |   283 ||   334
 Invoke: Berserk           |       |     4 |     4 ||     8
         Trog's Hand       |       |       |     1 ||     1
    Use: Scroll            |     4 |       |     6 ||    10
         Potion            |       |     2 |     1 ||     3
 Armour: Animal skin       |    13 |     1 |       ||    14
         Plate armour      |       |    42 |   200 ||   242
  Dodge: Dodged            |    33 |    32 |    87 ||   152
  Block: Kite shield       |    15 |    38 |   174 ||   227
